 Dungeon Crawl Stone Soup version 0.25-a0-591-g2ad0d861f1 (webtiles) character file.

Game seed: 2250909842700758696, levelgen mode: deterministic

97 Esekla the Ducker (level 4, -1/21 HPs)
             Began as a Spriggan Artificer on Mar 14, 2020.
             Slain by a centaur
             ... wielding a +0 spear
              (5 damage)
             ... on level 2 of the Dungeon.
             The game lasted 00:10:53 (2660 turns).

Esekla the Ducker (Spriggan Artificer)              Turns: 2660, Time: 00:10:54

Health: -1/21      AC:  2    Str:  8    XL:     4   Next: 42%
Magic:  0/8        EV: 18    Int: 13    God:
Gold:   70         SH:  0    Dex: 16    Spells: 7/7 levels left

rFire    . . .     SeeInvis +   n - +4 short sword (venom)
rCold    . . .     Gourm    .   (shield restricted)
rNeg     . . .     Faith    .   b - +0 robe
rPois    .         Spirit   +   (helmet restricted)
rElec    .         Reflect  .   m - scarf {Spirit}
rCorr    .         Harm     .   (gloves unavailable)
MR       .....                  (boots unavailable)
Stlth    ++........             (no amulet)
HPRegen  0.07/turn              (no ring)
MPRegen  0.11/turn              (no ring)

@: heavily drained, very quick
A: very small, unfitting armour, see invisible, herbivore, speed 3, slow
metabolism 2
a: no special abilities


You were on level 2 of the Dungeon.
You were not hungry.

You visited 1 branch of the dungeon, and saw 4 of its levels.

You collected 70 gold pieces.

Inventory:

Hand Weapons
 n - a +4 short sword of venom (weapon)
Missiles
 j - 14 poisoned darts (quivered)
Armour
 b - a +0 robe (worn)
 l - a +0 leather armour
 m - a scarf of spirit shield (worn)
Jewellery
 o - an uncursed ring of fire
 s - an uncursed ring of magical power {unknown}
Wands
 c - a wand of flame (15)
 d - a wand of enslavement (15)
 e - a wand of random effects (15)
Scrolls
 a - 2 scrolls of identify {unknown}
 h - a scroll of magic mapping {unknown}
 i - 4 scrolls of remove curse
 p - a scroll of random uselessness {unknown}
 r - a scroll of teleportation
Potions
 g - 2 potions of ambrosia {unknown}
 k - a potion of heal wounds {unknown}
 q - a potion of haste {unknown}
Comestibles
 f - 5 rations


   Skills:
 - Level 0.7(0.0) Fighting
 * Level 3.1(1.9) Short Blades
 * Level 4.2(2.9) Dodging
 + Level 2.4(1.2) Stealth
 * Level 2.2(1.0) Spellcasting
 - Level 4.0(2.7) Evocations


You had 7 spell levels left.
You didn't know any spells.
Your spell library was empty.

Dungeon Overview and Level Annotations

Branches:
Dungeon (4/15)
 Temple: D:4-7

Altars:
Ashenzari

Shops:
D:4 (


Innate Abilities, Weirdness & Mutations

You are very small and have problems with some larger weapons.
You are too small for most types of armour.
You have supernaturally acute eyesight. (SInv)
You are a herbivore.
You cover ground extremely quickly.
You need to consume almost no food.


Message History

The centaur shoots an arrow.
The arrow misses you.
The centaur shoots an arrow.
The arrow barely misses you.
The centaur shoots an arrow.
The arrow completely misses you.
The centaur unwields a +0 shortbow.
The centaur wields a +0 spear.
The centaur completely misses you.
You hit the centaur.
The centaur is poisoned.
The centaur is lightly wounded.
The centaur hits you with a +0 spear.
You puncture the centaur!
The centaur looks as sick as possible!
The centaur is heavily wounded.
The centaur hits you with a +0 spear. The centaur hits you with a +0 spear!
* * * LOW HITPOINT WARNING * * *
You barely miss the centaur.
The centaur is severely wounded.
The centaur barely misses you.
Okay, then.
You hit the centaur.
The centaur is almost dead.
The centaur hits you with a +0 spear.
You die...

#......)###.#...#
########....#####
#...# #.#### #...####
##.# +......# ...#
#......#
...##########......#
....................#
...................#
.........c@.....(...#
...##########......+
########


You could see a centaur.

Vanquished Creatures
  3 adders
  An ooze (D:1)
  A worm (D:2)
  2 dart slugs (D:1)
  A leopard gecko (D:3)
  6 orcs (D:3)
  4 giant cockroaches
  6 goblins
  5 hobgoblins
  4 kobolds
  8 bats
  2 frilled lizards
  7 rats
50 creatures vanquished.

Notes
Turn   | Place    | Note
-------+----------+-------------------------------------------
     0 | D:1      | Esekla the Spriggan Artificer began the quest for the Orb.
     0 | D:1      | Reached XP level 1. HP: 9/9 MP: 4/4
   249 | D:1      | Reached skill level 1 in Spellcasting
   528 | D:1      | Reached XP level 2. HP: 14/14 MP: 6/6
  1374 | D:1      | Reached XP level 3. HP: 17/17 MP: 7/7
  1505 | D:2      | Noticed a centaur
  1962 | D:3      | Reached XP level 4. HP: 16/21 MP: 6/8
  2434 | D:4      | Found Ugeor's Weapon Shoppe.
  2472 | D:4      | Found a shattered altar of Ashenzari.
  2488 | D:4      | Noticed a phantom
  2660 | D:2      | Slain by a centaur

Levels and vault maps discovered:
D:1:      dpeg_arrival_simpleton_a, layout_basic
D:2:      layout_basic
D:3:      layout_rooms, columned_hall_lemuel
D:4:      wander_river, layout_loops_corners, nicolae_ashenzari_panopticon,
          first_ration, serial_shops,
          nicolae_shop_temple_entry_statues_fountains, kennysheep_little_box

Skill      XL: |  1  2  3  4 |
---------------+-------------+-----
Spellcasting   | 1 2 |  2.2
Short Blades   | 2 3 |  3.1
Stealth        | 2 |  2.4
Dodging        | 4 |  4.2
Fighting       | |  0.7
Evocations     | |  4.0

Action                   |  1- 3 |  4- 6 || total
-------------------------+-------+-------++-------
Melee: Short sword       |   100 |    46 ||   146
  Use: Scroll            |     3 |     1 ||     4
 Stab: Sleeping          |     7 |     1 ||     8
Armor: Robe              |     4 |     2 ||     6
Dodge: Dodged            |    64 |    27 ||    91

Table legend:
 A = Non-vault XP
 B = Vault XP
 C = Vault XP percentage of total XP
 D = Non-vault monster count
 E = Vault monster count
 F = Vault count percentage of total count
                 A         B        C        D         E       F
            +---------+---------+-------+---------+---------+-------
      Total |     139 |       0 |   0.0 |      50 |       0 |   0.0
            +---------+---------+-------+---------+---------+-------
        D:1 |      42 |       0 |   0.0 |      21 |       0 |   0.0
        D:2 |      25 |       0 |   0.0 |       7 |       0 |   0.0
        D:3 |      72 |       0 |   0.0 |      22 |       0 |   0.0
            +---------+---------+-------+---------+---------+-------
